 Dungeon Crawl Stone Soup version 0.31-a0-574-g69dc8cc98e (webtiles) character file.

Game seed: 12499393331733415059

23 avis the Ducker (level 2, 0/13 HPs)
             Began as a Felid Shapeshifter on Aug 18, 2023.
             Succumbed to an adder's poison
             ... on level 2 of the Dungeon.
             The game lasted 00:02:20 (439 turns).

avis the Ducker (Felid Shapeshifter)                 Turns: 439, Time: 00:02:20

Health: 0/13       AC:  1    Str: 11    XL:     2   Next: 72%
Magic:  3/3        EV: 18    Int:  9    God:
Gold:   33         SH:  0    Dex: 16    Spells: 1/1 levels left
                                        Lives:  0   Deaths: 0

rFire   . .          .
                       - Unarmed
rCold   . . .        (shield unavailable)
rNeg    . . .        (body armour unavailable)
rPois   .            (helmet unavailable)
rElec   .            (cloak unavailable)
rCorr   .            (gloves unavailable)
SInv    +            (boots unavailable)
Will    .....        (no amulet)
Stlth   +            (no ring)
HPRegen 0.22/turn    (no ring)
MPRegen 0.08/turn

%: no passive effects
@: lethally poisoned (0 -> -2), beast-form, quick
A: beast (slay +2), very small, claws 1, fangs 3, see invisible, speed 1, shaggy
fur 1, stealthy paws, no weapons or thrown items, no armour, multi-lived
a: Begin Untransformation


You were on level 2 of the Dungeon.
You were a hulking beast.
You visited 1 branch of the dungeon, and saw 2 of its levels.

You collected 33 gold pieces.

Inventory:

Jewellery
 h - an amulet of magic regeneration
Talismans
 b - a beast talisman (active)
 c - a flux talisman
Scrolls
 g - a scroll of revelation {unknown}
 i - a scroll of vulnerability {unknown}
 k - a scroll of enchant weapon {unknown}
 l - a scroll of teleportation {unknown}
 m - a scroll of identify {unknown}
Potions
 a - a potion of lignification
 d - a potion of curing {unknown}
 e - a potion of haste {unknown}
 f - a potion of attraction {unknown}
 j - a potion of magic {unknown}


   Skills:
 * Level 2.3 Fighting
 + Level 3.3 Dodging
 - Level 3.0 Unarmed Combat
 - Level 3.2 Shapeshifting


You had one spell level left.
You didn't know any spells.
Your spell library was empty.

Dungeon Overview and Level Annotations

Branches:
Dungeon (2/15)

Altars:


Innate Abilities, Weirdness & Mutations

You are a hulking beast.
Your limbs bulge with bestial killing power. (Slay +2)
You have sharp claws.
You have razor-sharp teeth.
You have supernaturally acute eyesight. (SInv)
You cover ground quickly. (Speed+)
You are covered in fur. (AC +1)
Your paws help you pounce on unaware monsters.
You are incapable of wielding weapons or throwing items.
You cannot wear armour.
You gain extra lives every three experience levels.


Message History

a +0 dagger; 3 stones
k - a scroll labelled HEGOHI ISAI HP restored.
Found a short sword.
A bat comes into view.
Found a scroll labelled GONWIE GUXACU.
You claw the bat!
You kill the bat!
l - a scroll labelled KYRYUCVIMUU
m - a scroll labelled GONWIE GUXACU Could not explore, unopened door.
You open the door.
There is an open door here.
A rat comes into view.
You claw the rat!
You kill the rat!
You open the door.
There is an open door here.
You see here the +2 pair of boots of Poor Excuses {rF++ Regen+ Dex-2 Slay+3}.
You open the door.
Found 11 gold pieces.
There is an open door here.
You now have 33 gold pieces (gained 11).
An adder comes into view.
The adder bites you.
You scratch the adder. Your claw misses the adder.
The adder is heavily wounded.
The adder closely misses you.
You closely miss the adder.
The adder is heavily wounded.
The adder bites you. x2
You are poisoned.
The adder poisons you!
You scratch the adder.
The adder is almost dead.
You feel sick. The adder bites you.
* * * LOW HITPOINT WARNING * * *
You scratch the adder.
You kill the adder!
You die...

#...##.# ###.#..# #
#.[..#
#..#.############
###.>#............#
#.........#######.#
#.........# .#
#....)....#######.#.#
#.........'.....h...#
#.........#######†###
########### ..= ..##
#.# .# .# .#


There were no monsters in sight!

Vanquished Creatures
  An adder (D:2)
  2 ball pythons
  2 bats (D:2)
  3 endoplasms (D:1)
  3 goblins (D:1)
  2 hobgoblins (D:1)
  4 jackals (D:1)
  A frilled lizard (D:1)
  A kobold (D:2)
  2 rats
21 creatures vanquished.

Notes
Turn   | Place    | Note
-------+----------+-------------------------------------------
     0 | D:1      | avis the Felid Shapeshifter began the quest for the Orb.
     0 | D:1      | Reached XP level 1. HP: 9/9 MP: 2/2
   204 | D:1      | Reached XP level 2. HP: 13/13 MP: 3/3
   312 | D:1      | You fall into a shaft and drop 1 floor!
   319 | D:2      | Identified the +2 pair of boots of Poor Excuses {rF++
                  | Regen+ Dex-2 Slay+3}
   439 | D:2      | Succumbed to an adder's poison

Illustrated notes

Levels and vault maps discovered:
D:1:      giann_bridges, layout_basic, minivault_4
D:2:      layout_basic

Skill      XL: |  1  2 |
---------------+-------+-----
Dodging        | 3 |  3.3
Fighting       | 2 |  2.3
Unarmed Combat | |  3.0
Shapeshifting  | |  3.2

Action                     || total
---------------------------++-------
  Melee: Unarmed           ||    36
         Punch             ||     1
         Bite              ||     1
   Stab: Sleeping          ||     2
  Dodge: Dodged            ||    18

Table legend: (Time is in decaauts)
 A = Elapsed time spent in this place.
 B = Non-inter-level travel time spent in this place.
 C = Inter-level travel time spent in this place.
 D = Time resting spent in this place.
 E = Time spent auto-exploring this place.
 F = Levels seen in this place.
 G = Mean time per level.
                   A        B        C        D        E       F      G
               +--------+--------+--------+--------+--------+-----+--------+
         Total |    382 |    382 |      0 |    106 |    142 |   2 |  191.0 |
       Dungeon |    382 |    382 |      0 |    106 |    142 |   2 |  191.0 |
               +--------+--------+--------+--------+--------+-----+--------+

Top non-repeatable levels by time:
     D:1: 277 daAuts
     D:2: 105 daAuts
